General information
- name: BNet
- type: Ladder team game (AT/RT)
- host: Battle.net
- saver: 1st_Panzer_Div.
map: TurtleRock
- players: 4
- length: 17:32
- speed: Fast
- version: 1.24 W3XP
- replay type: Public
» download(136 KB)
Players
team 1 (winner)
1st_Panzer_Div. (
teal | 96 APM | 1691 actions | 17:32)
4 Death Knight
2 Death Coil
2 Unholy Aura
2 Lich
1 Frost Nova
1 Dark Ritual
» actions
| Assign group hotkey | 152 | |
| Basic commands | 130 | |
| Build / train | 52 | |
| ESC pressed | 1 | |
| Enter build submenu | 22 | |
| Enter hero's abilities submenu | 6 | |
| Give item / drop item | 2 | |
| Remove unit from queue | 1 | |
| Right click | 467 | |
| Select / deselect | 322 | |
| Select group hotkey | 443 | |
| Use ability | 93 | |
1691 total
» units
| Acolyte | 3 | |
| Ghoul | 5 | |
| Crypt Fiend | 6 | |
| Necromancer | 4 | |
| Obsidian Statue | 2 | |
| Banshee | 6 | |
26 total
» upgrades
| Creature Attack | 1 | |
| Banshee Training | 2 | |
| Skeletal Longevity | 1 | |
| Necromancer Training | 2 | |
| Skeletal Mastery | 1 | |
| Unholy Strength | 1 | |
8 total
» buildings
| Altar of Darkness | 1 | |
| Ziggurat | 6 | |
| Crypt | 1 | |
| Graveyard | 1 | |
| Tomb of Relics | 1 | |
| Nerubian Tower | 1 | |
| Halls of the Dead | 2 | |
| Temple of the Damned | 2 | |
| Slaughterhouse | 1 | |
| Black Citadel | 1 | |
| Sacrificial Pit | 1 | |
18 total
» build order
00:10 Altar of Darkness
00:14 Ziggurat
00:38 Crypt
00:58 Graveyard
01:23 Tomb of Relics
01:25 Nerubian Tower
01:54 Ziggurat
03:38 Halls of the Dead
05:00 Ziggurat
05:28 Ziggurat
06:20 Temple of the Damned
06:22 Slaughterhouse
08:17 Black Citadel
09:12 Ziggurat
10:29 Temple of the Damned
11:16 Sacrificial Pit
13:19 Ziggurat
» items
| Rod of Necromancy | 1 | |
| Scroll of Town Portal | 2 | |
| Orb of Corruption | 1 | |
| Scroll of Healing | 1 | |
5 total
first_time (
orange | 72 APM | 1256 actions | 17:30)
3 Archmage
1 Brilliance Aura
2 Summon Water Elemental
2 Mountain King
1 Storm Bolt
1 Bash
» actions
| Basic commands | 22 | |
| Build / train | 65 | |
| Enter build submenu | 23 | |
| Enter hero's abilities submenu | 5 | |
| Give item / drop item | 3 | |
| Right click | 716 | |
| Select / deselect | 346 | |
| Use ability | 76 | |
1256 total
» units
| Peasant | 12 | |
| Footman | 6 | |
| Sorceress | 7 | |
| Priest | 1 | |
| Mortar Team | 7 | |
33 total
» upgrades
| Defend | 1 | |
| Magic Sentry | 1 | |
| Sorceress Training | 2 | |
| Flare | 1 | |
| Fragmentation Shards | 1 | |
| Gunpowder | 1 | |
| Animal War Training | 1 | |
8 total
» buildings
| Altar of Kings | 1 | |
| Farm | 10 | |
| Barracks | 1 | |
| Scout Tower | 1 | |
| Arcane Tower | 1 | |
| Arcane Vault | 2 | |
| Lumber Mill | 1 | |
| Keep | 3 | |
| Blacksmith | 1 | |
| Arcane Sanctum | 1 | |
| Workshop | 2 | |
| Guard Tower | 1 | |
| Castle | 3 | |
28 total
» build order
00:11 Altar of Kings
00:14 Farm
00:20 Barracks
00:59 Farm
01:30 Scout Tower
01:53 Farm
01:58 Arcane Tower
02:58 Arcane Vault
03:44 Lumber Mill
04:02 Keep
04:02 Keep
05:38 Farm
06:06 Arcane Vault
06:22 Farm
06:27 Blacksmith
06:34 Arcane Sanctum
07:16 Farm
07:28 Farm
08:21 Workshop
09:01 Guard Tower
09:32 Farm
10:07 Castle
10:08 Castle
11:49 Farm
15:25 Farm
15:41 Workshop
» items
| Scroll of Regeneration | 2 | |
| Potion of Lesser Invulnerability | 1 | |
| Boots of Speed | 1 | |
| Scroll of Town Portal | 4 | |
| Ivory Tower | 1 | |
9 total
team 2 (loser)
D_Iron_Maiden (
green | 236 APM | 4121 actions | 17:27)
3 Demon Hunter
2 Mana Burn
1 Evasion
3 Naga Sea Witch
1 Frost Arrows
2 Forked Lightning
» actions
| Assign group hotkey | 21 | |
| Basic commands | 301 | |
| Build / train | 83 | |
| ESC pressed | 7 | |
| Enter build submenu | 20 | |
| Enter hero's abilities submenu | 6 | |
| Give item / drop item | 2 | |
| Right click | 1372 | |
| Select / deselect | 436 | |
| Select group hotkey | 1754 | |
| Use ability | 119 | |
4121 total
» units
| Wisp | 35 | |
| Archer | 2 | |
| Dryad | 4 | |
| Druid of the Claw | 6 | |
47 total
» upgrades
| Abolish Magic | 1 | |
| Druid of the Claw Training | 3 | |
| Strength of the Wild | 2 | |
| Mark of the Claw | 1 | |
| Well Spring | 1 | |
| Reinforced Hides | 1 | |
9 total
» buildings
| Moon Well | 6 | |
| Altar of Elders | 1 | |
| Ancient of War | 1 | |
| Tree of Ages | 1 | |
| Hunter's Hall | 1 | |
| Ancient of Wonders | 2 | |
| Ancient of Lore | 3 | |
| Tree of Eternity | 1 | |
| Tree of Life | 4 | |
20 total
» build order
00:14 Moon Well
00:20 Altar of Elders
00:38 Ancient of War
01:27 Moon Well
02:13 Moon Well
03:07 Tree of Ages
03:32 Hunter's Hall
05:18 Ancient of Wonders
05:32 Ancient of Lore
05:33 Ancient of Lore
06:03 Ancient of Lore
06:06 Ancient of Wonders
07:23 Tree of Eternity
07:30 Moon Well
08:46 Tree of Life
11:06 Tree of Life
12:46 Tree of Life
13:02 Tree of Life
13:24 Moon Well
14:06 Moon Well
» items
| Boots of Speed | 1 | |
| Circlet of Nobility | 1 | |
| Scroll of Healing | 1 | |
| Scroll of Town Portal | 1 | |
| Potion of Lesser Invulnerability | 1 | |
| Staff of Preservation | 1 | |
| Orb of Venom | 3 | |
9 total
lollercaust (
pink | 251 APM | 4394 actions | 17:29)
3 Blademaster
2 Wind Walk
1 Critical Strike
3 Shadow Hunter
1 Hex
2 Healing Wave
» actions
| Assign group hotkey | 54 | |
| Basic commands | 54 | |
| Build / train | 68 | |
| ESC pressed | 1 | |
| Enter build submenu | 15 | |
| Enter hero's abilities submenu | 6 | |
| Give item / drop item | 3 | |
| Remove unit from queue | 1 | |
| Right click | 1745 | |
| Select / deselect | 181 | |
| Select group hotkey | 2221 | |
| Use ability | 45 | |
4394 total
» units
| Peon | 11 | |
| Grunt | 13 | |
| Raider | 7 | |
| Tauren | 1 | |
32 total
» upgrades
| Berserker Strength | 1 | |
| Ensnare | 1 | |
| Pillage | 1 | |
| Armor | 2 | |
| Melee Weapons | 2 | |
| Spiked Barricades | 0 | |
| Reinforced Defenses | 1 | |
8 total
» buildings
| Altar of Storms | 1 | |
| Orc Burrow | 7 | |
| Barracks | 1 | |
| Voodoo Lounge | 1 | |
| Stronghold | 4 | |
| Beastiary | 1 | |
| War Mill | 1 | |
| Fortress | 2 | |
| Tauren Totem | 2 | |
20 total
» build order
00:06 Altar of Storms
00:22 Orc Burrow
00:35 Barracks
01:24 Orc Burrow
02:08 Voodoo Lounge
02:51 Stronghold
02:51 Stronghold
02:51 Stronghold
03:34 Orc Burrow
05:37 Beastiary
05:40 Orc Burrow
09:10 Orc Burrow
09:13 War Mill
12:12 Fortress
12:54 Orc Burrow
14:39 Tauren Totem
15:12 Tauren Totem
15:20 Orc Burrow
» items
| Healing Salve | 2 | |
| Lesser Clarity Potion | 1 | |
| Scroll of Speed | 1 | |
| Potion of Healing | 1 | |
| Orb of Lightning | 1 | |
6 total
Chat log
(00:27 / Allies) 1st_Panzer_Div.: wtf all orc ne
(00:35 / Allies) first_time: thats kinda good tho
(00:43 / Allies) first_time: easy to counter
(00:44 / Allies) 1st_Panzer_Div.: yeah
(02:14 / Allies) first_time: shit
(02:18 / Allies) 1st_Panzer_Div.: bm?
(02:20 / Allies) 1st_Panzer_Div.: just skip it?
(02:57 / Allies) 1st_Panzer_Div.: dh
(03:07 / Allies) 1st_Panzer_Div.: you have orc
(03:12 / Allies) 1st_Panzer_Div.: uber techers
(03:24 / Allies) 1st_Panzer_Div.: bm
(03:43 / Allies) 1st_Panzer_Div.: get it NOW
(03:45 / Allies) 1st_Panzer_Div.: they're both on me
(03:51 / Allies) 1st_Panzer_Div.: lol they crept greens
(04:07 / Allies) 1st_Panzer_Div.: fast
(04:16 / Allies) 1st_Panzer_Div.: really fast
(04:21 / Allies) 1st_Panzer_Div.: nvm
(04:31 / Allies) 1st_Panzer_Div.: dang
(04:38 / Allies) 1st_Panzer_Div.: you be ok?
(04:46 / Allies) first_time: yea
(05:11 / Allies) 1st_Panzer_Div.: okay stoll?
(05:16 / Allies) first_time: yea
(05:17 / Allies) 1st_Panzer_Div.: hit or tp?
(05:21 / Allies) first_time: hit
(05:27 / Allies) first_time: they r fighting my farms
(05:33 / Allies) first_time: with archer
(05:39 / Allies) 1st_Panzer_Div.: err watch ur food
(05:56 / Allies) first_time: yea they tped
(06:05 / Allies) 1st_Panzer_Div.: yeah I got his lores
(06:08 / Allies) 1st_Panzer_Div.: coming now
(06:15 / Allies) first_time: orc on me
(06:58 / Allies) 1st_Panzer_Div.: shit no shop
(06:59 / Allies) 1st_Panzer_Div.: no morars
(07:23 / Allies) 1st_Panzer_Div.: keep at it
(07:52 / Allies) 1st_Panzer_Div.: shit
(07:57 / Allies) 1st_Panzer_Div.: tp
(08:03 / Allies) 1st_Panzer_Div.: plz tp
(08:45 / Allies) 1st_Panzer_Div.: bad workshop spot :/ could be tough
(08:55 / Allies) first_time: yea no room small space
(09:04 / Allies) 1st_Panzer_Div.: your arcane is umm
(09:21 / Allies) first_time: its up tho
(10:05 / Allies) 1st_Panzer_Div.: they mh
(10:14 / Allies) 1st_Panzer_Div.: seriously
(10:20 / Allies) 1st_Panzer_Div.: like maybe not but
(10:40 / Allies) 1st_Panzer_Div.: geti t fast
(10:50 / Allies) 1st_Panzer_Div.: run
(10:52 / Allies) 1st_Panzer_Div.: or tp
(10:56 / Allies) 1st_Panzer_Div.: you gotta tp
(10:59 / Allies) 1st_Panzer_Div.: raiders
(11:26 / Allies) 1st_Panzer_Div.: care
(12:14 / Allies) 1st_Panzer_Div.: massive raiders
(12:15 / Allies) 1st_Panzer_Div.: weird
(12:26 / Allies) 1st_Panzer_Div.: and a few dryads
(12:36 / Allies) 1st_Panzer_Div.: hit they see you tho
(13:01 / Allies) 1st_Panzer_Div.: maybe couple mor sorcs
(13:47 / Allies) 1st_Panzer_Div.: no walkres really
(13:57 / Allies) 1st_Panzer_Div.: wisps for the necs
(14:03 / Allies) 1st_Panzer_Div.: no spirit lodge
(14:06 / Allies) first_time: no spirit lodge
(14:08 / Allies) 1st_Panzer_Div.: yeah some sorcs
(14:12 / Allies) 1st_Panzer_Div.: soon rally
(14:29 / Allies) 1st_Panzer_Div.: yeah rally
(14:51 / Allies) 1st_Panzer_Div.: rally with me?
(14:54 / Allies) first_time: k
(15:07 / Allies) 1st_Panzer_Div.: go through the side
(15:11 / Allies) 1st_Panzer_Div.: get teh expo
(15:13 / Allies) 1st_Panzer_Div.: then get the elf
(15:28 / Allies) 1st_Panzer_Div.: tp
(16:09 / Allies) 1st_Panzer_Div.: got 2 bears
(17:26 / All) D_Iron_Maiden: Gg